 Dungeon Crawl Stone Soup version 0.31-a0-133-gaae73658be (webtiles) character file.

Game seed: 9573160397432393801

525 SkullPiercing the Trooper (level 7, -1/61 HPs)
             Began as a Minotaur Berserker on June 2, 2023.
             Was an Initiate of Yredelemnul.
             Slain by a polar bear (2 damage)
             ... created by the rage of Trog
             ... on level 4 of the Dungeon on June 3, 2023.
             The game lasted 00:28:46 (2452 turns).

SkullPiercing the Trooper (Minotaur Berserker)      Turns: 2452, Time: 00:28:46

Health: -1/61      AC: 12    Str: 20 (23) XL:     7   Next: 2%
Magic:  6/6        EV:  7    Int:  4      God:    Yredelemnul [......]
Gold:   118        SH:  0    Dex: 10      Spells: 6/6 levels left

rFire   . . .        e - +0 short sword
rCold   . . .        (no shield)
rNeg    . . .        o - +0 plate armour
rPois   .            (helmet restricted)
rElec   .            (no cloak)
rCorr   .            (no gloves)
SInv    .            (no boots)
Will    .....        (no amulet) Stlth
                     (no ring)
HPRegen 0.30/turn    (no ring)
MPRegen 0.10/turn

%: no passive effects
@: very slow
A: horns 2, retaliatory headbutt
a: Renounce Religion, Recall Undead Harvest


You were on level 4 of the Dungeon.
You worshipped Yredelemnul.
Yredelemnul was noncommittal.
You visited 2 branches of the dungeon, and saw 6 of its levels.

You collected 118 gold pieces.

Inventory:

Hand Weapons
 c - a +0 club
 e - a +0 short sword (weapon)
 i - a +0 mace
 l - a +0 dagger
 r - a +0 war axe
 x - a +0 whip
 y - a +4 scythe of pain
Missiles
 b - 10 boomerangs (quivered)
 k - 35 stones
 p - 2 poisoned darts
 q - 6 curare-tipped darts
Armour
 a - a +0 animal skin
 d - a +0 leather armour
 g - a +0 robe
 h - a +0 leather armour
 n - a +0 ring mail
 o - a +0 plate armour (worn)
 u - a +0 chain mail
 w - a +0 robe
Wands
 v - a wand of paralysis (8)
Scrolls
 j - 5 scrolls of identify
 m - 2 scrolls of teleportation
 s - a scroll of poison {unknown}
Potions
 f - 2 potions of invisibility {unknown}
 t - a potion of mutation {unknown}


   Skills:
 + Level 5.1 Fighting
 + Level 3.5 Short Blades
 + Level 2.0 Axes
 + Level 1.3 Throwing
 + Level 4.5 Armour
 + Level 3.5 Dodging
 + Level 1.3 Stealth
 + Level 4.0 Unarmed Combat
 + Level 0.3 Invocations


You had 6 spell levels left.
You didn't know any spells.
Your spell library contained the following spells:

 Spells                   Type           Power      Damage    Failure   Level
 Cigotuvi's Dreadful Rot  Necr/Pois/Air  0%         N/A       100%        2
 Dispel Undead            Necr           0%         3d6       100%        4
 Death Channel            Necr           Unusable   N/A       N/A         6

Dungeon Overview and Level Annotations

Branches:
Dungeon (5/15)             Temple (1/1) D:4

Altars:
Cheibriados
Gozag
Hepliaklqana
Makhleb
Trog
Yredelemnul
Zin


Innate Abilities, Weirdness & Mutations

You have a pair of horns on your head.
You reflexively headbutt those who attack you in melee.


Message History

t - Shout!
Orders for allies: a - Attack new target. r - Retreat! s - Stop attacking. g - Guard the area. f - Follow me.
Anything else - Cancel.
Gang up on whom?
Press: ? - help, Dir - move target, f - polar bear
Aim: a polar bear (durably summoned, berserk) Attack!
The black bear closely misses Sigmund.
The black bear claws Sigmund. x2
The polar bear bites Sigmund!!
Sigmund is destroyed!
The polar bear bites you!! The polar bear claws you.
The polar bear closely misses you. The black bear barely misses you.
You furiously retaliate!
You headbutt the black bear. The black bear barely misses you.
The black bear claws you but does no damage.
You closely miss the black bear. You headbutt the black bear!
The black bear is moderately wounded.
The black bear rages.
The polar bear bites you!
The polar bear claws you but does no damage. x2
The polar bear bites you.
The polar bear claws you but does no damage.
The polar bear claws you. The black bear barely misses you.
The black bear claws you but does no damage. x2
The black bear bites you!
* * * LOW HITPOINT WARNING * * *
The black bear barely misses you. x2
You completely miss the polar bear.
You headbutt the polar bear, but do no damage.
The black bear bites you but does no damage.
The black bear closely misses you.
The black bear claws you but does no damage.
The polar bear bites you!
* * * LOW HITPOINT WARNING * * *
The polar bear claws you.
* * * LOW HITPOINT WARNING * * *
The polar bear barely misses you. x3; The polar bear claws you.
You die...
Your body rises from the dead as a mindless zombie.

..##...##...##...##...##..###....
.................############....
...............[..#........#.....
..............)...'........#.....
..##..###...####'##........#.....
#+##..###...##...##........#.....
................h##.......##.....
...............hh##.......##.....
...............h@h........#......
###..<########.hh##.......#......
.##...##...###...##.......#......
..'...#.<.................#......
..#...#...................+......
..#...#...................#......
'##...####.##########.....##...##
.##...####.###......########...##
)............'......#......#....#


You could see 3 polar bears and 4 black bears.

Vanquished Creatures
  Sigmund (D:4)
  A phantom (D:4)
  A jelly (D:4)
  A gnoll bouda (D:4)
  2 orc wizards
  8 gnolls
  2 adders (D:4)
  2 worms
  2 dart slugs
  6 orcs
  5 bats
  6 endoplasms
  A giant cockroach (D:4)
  6 goblins
  4 hobgoblins
  3 jackals (D:2)
  A quokka (D:2)
  A ball python (D:3)
  2 frilled lizards
  7 kobolds
  A kobold zombie (D:4)
  4 rats
67 creatures vanquished.

Vanquished Creatures (collateral kills)
  A hobgoblin zombie (D:4)
1 creature vanquished.

Vanquished Creatures (others)
  A human zombie (D:4)
1 creature vanquished.

Grand Total: 69 creatures vanquished

Notes
Turn   | Place    | Note
-------+----------+-------------------------------------------
     0 | D:1      | SkullPiercing the Minotaur Berserker began the quest for
                  | the Orb.
     0 | D:1      | Reached XP level 1. HP: 19/19 MP: 0/0
   240 | D:1      | Reached XP level 2. HP: 27/27 MP: 1/1
   310 | D:2      | Noticed a great orb of eyes
   313 | D:2      | Found a faded altar of an unknown god.
   441 | D:2      | Reached skill level 4 in Fighting
   632 | D:2      | Reached XP level 3. HP: 31/33 MP: 2/2
   791 | D:2      | Noticed a shining eye
   793 | D:2      | Noticed a great orb of eyes
   793 | D:2      | Noticed a shining eye
   948 | D:3      | Reached skill level 1 in Short Blades
  1056 | D:3      | Found a bloodstained altar of Trog.
  1061 | D:3      | Reached ** piety under Trog
  1215 | D:3      | Reached XP level 4. HP: 34/40 MP: 3/3
  1330 | D:4      | Reached skill level 1 in Throwing
  1330 | D:4      | Reached skill level 1 in Stealth
  1480 | D:3      | Reached XP level 5. HP: 47/47 MP: 4/4
  1883 | D:4      | Noticed a phantom
  1905 | D:4      | Reached skill level 1 in Axes
  1905 | D:4      | Reached XP level 6. HP: 6/55 MP: 5/5
  2020 | D:5      | Entered Level 5 of the Dungeon
  2063 | D:4      | Found a staircase to the Ecumenical Temple.
  2192 | Temple   | Entered the Ecumenical Temple
  2215 | Temple   | Fell from the grace of Trog
  2215 | Temple   | Became a worshipper of Cheibriados the Contemplative
  2229 | Temple   | Fell from the grace of Cheibriados
  2233 | Temple   | Became a worshipper of Yredelemnul the Dark
  2347 | D:4      | Noticed Sigmund
  2367 | D:4      | Killed Sigmund
  2368 | D:4      | Reached skill level 5 in Fighting
  2368 | D:4      | Reached XP level 7. HP: 37/61 MP: 6/6
  2449 | D:4      | Noticed a polar bear
  2449 | D:4      | Noticed a polar bear
  2449 | D:4      | Noticed a polar bear
  2450 | D:4      | Your ally Sigmund died
  2452 | D:4      | HP: 3/61 [polar bear[the rage of Trog] (11)]
  2452 | D:4      | HP: 1/61 [polar bear[the rage of Trog] (2)]
  2452 | D:4      | Slain by a polar bear

Illustrated notes

Levels and vault maps discovered:
D:1:      grunt_arrival_lava_bath, layout_loops_corners
D:2:      layout_basic, hellmonk_ecumenical_altar_watching_god, moated_statue,
          roderic_lattice_a, serial_bayou_ford_a, uniq_natasha
D:3:      layout_rooms, lemuel_coloured_pillars_altar, lemuel_tele_altar
D:4:      layout_gridville, minmay_temple_entry_large_hall, uniq_sigmund
D:5:      layout_rooms, mainiacjoe_overflow_concentric_impassable,
          minmay_misc_feat_roman, uniq_prince_ribbit1
Temple:   hellmonk_temple_rainy

Skill      XL: |  1  2  3  4  5  6 |
---------------+-------------------+-----
Fighting       | 4 5 |  5.1
Short Blades   | 1 2 3 |  3.5
Unarmed Combat | 4 |  4.0
Throwing       | 1 |  1.3
Dodging        | 3 |  3.5
Stealth        | 1 |  1.3
Armour         | 3 4 |  4.5
Axes           | 1 2 |  2.0
Invocations    | |  0.3

Action                     |  1- 3 |  4- 6 |  7- 9 || total
---------------------------+-------+-------+-------++-------
  Melee: Unarmed           |    19 |       |       ||    19
         Headbutt          |    14 |    19 |     2 ||    35
         Punch             |     5 |     3 |       ||     8
         Short sword       |    69 |    91 |     5 ||   165
         War axe           |       |    21 |       ||    21
  Throw: Boomerang         |    12 |     2 |       ||    14
 Invoke: Berserk           |     2 |     3 |       ||     5
         Trog's Hand       |       |     2 |       ||     2
         Recall Undead Har |       |     6 |       ||     6
         Renounce Religion |       |     1 |       ||     1
    Use: Scroll            |       |     1 |       ||     1
         Potion            |       |     2 |       ||     2
   Stab: Sleeping          |     1 |       |       ||     1
         Distracted        |       |     1 |       ||     1
 Armour: Animal skin       |    11 |       |       ||    11
         Robe              |    13 |       |       ||    13
         Plate armour      |       |   127 |    10 ||   137
  Dodge: Dodged            |    75 |    52 |    10 ||   137

Table legend: (Time is in decaauts)
 A = Elapsed time spent in this place.
 B = Non-inter-level travel time spent in this place.
 C = Inter-level travel time spent in this place.
 D = Time resting spent in this place.
 E = Time spent auto-exploring this place.
 F = Levels seen in this place.
 G = Mean time per level.
                   A        B        C        D        E       F      G
               +--------+--------+--------+--------+--------+-----+--------+
         Total |   2552 |    706 |   1846 |      0 |      0 |   6 |  425.3 |
       Dungeon |   2495 |    696 |   1799 |      0 |      0 |   5 |  499.0 |
        Temple |     57 |     10 |     47 |      0 |      0 |   1 |   57.0 |
               +--------+--------+--------+--------+--------+-----+--------+

Top non-repeatable levels by time:
     D:4: 959 daAuts
     D:3: 651 daAuts
     D:2: 580 daAuts
     D:1: 302 daAuts
  Temple: 57 daAuts
     D:5: 1 daAuts
